[ AOE2 MATCH · #476230422 ]
UnrankedTurks vs Saracens
[ REPLAY ANALYSIS · EXTRACTED FROM THE RECORDED GAME ]
Feudal
9:38
Castle
26:03
Imperial
39:38
| APM avg | 64.3 |
| APM peak | 137 |
| eAPM avg | 30.5 |
| Villagers / military | 156 / 292 |
Focus
⚔️ 37.3% · 🌾 62.7%
Scout Cavalry ×202 · Camel Scout ×79 · Fishing Ship ×8 · Trebuchet (Packed) ×6 · Knight ×5
Feudal
10:55
Castle
26:33
Imperial
39:12
| APM avg | 55.6 |
| APM peak | 103 |
| eAPM avg | 15.4 |
| Villagers / military | 66 / 164 |
Focus
⚔️ 28.6% · 🌾 71.4%
Archer ×93 · Skirmisher ×67 · Trebuchet (Packed) ×4
Feudal
11:04
Castle
27:14
Imperial
40:20
| APM avg | 43.1 |
| APM peak | 69 |
| eAPM avg | 21.2 |
| Villagers / military | 125 / 212 |
Focus
⚔️ 43.2% · 🌾 56.8%
Scout Cavalry ×192 · Fishing Ship ×17 · Unknown (2626) ×11 · Trebuchet (Packed) ×8 · Knight ×4 · Petard ×3
Feudal
9:46
Castle
23:51
Imperial
43:44
| APM avg | 45.6 |
| APM peak | 96 |
| eAPM avg | 20.3 |
| Villagers / military | 138 / 147 |
Focus
⚔️ 40.2% · 🌾 59.8%
Archer ×115 · Skirmisher ×18 · Spearman ×8 · Unknown (1795) ×4 · Fire Galley ×2 · Unknown (2626) ×2
Feudal
9:16
Castle
26:17
Imperial
42:40
| APM avg | 70.9 |
| APM peak | 113 |
| eAPM avg | 23.5 |
| Villagers / military | 123 / 151 |
Focus
⚔️ 50.9% · 🌾 49.1%
Scout Cavalry ×77 · Konnik ×30 · Knight ×28 · Trebuchet (Packed) ×8 · Spearman ×6 · Monk ×1
Feudal
10:28
Castle
26:09
Imperial
42:31
| APM avg | 66.6 |
| APM peak | 113 |
| eAPM avg | 31.1 |
| Villagers / military | 174 / 117 |
Focus
⚔️ 39.5% · 🌾 60.5%
Spearman ×72 · Scout Cavalry ×32 · Knight ×12 · Fishing Ship ×2 · Monk ×1
Feudal
11:55
Castle
27:04
Imperial
—
| APM avg | 33.5 |
| APM peak | 69 |
| eAPM avg | 18.9 |
| Villagers / military | 100 / 111 |
Focus
⚔️ 42.4% · 🌾 57.6%
Archer ×108 · Fishing Ship ×7 · Monk ×2 · Spearman ×1
Feudal
10:10
Castle
22:10
Imperial
37:41
| APM avg | 57.3 |
| APM peak | 98 |
| eAPM avg | 32.4 |
| Villagers / military | 216 / 73 |
Focus
⚔️ 49.3% · 🌾 50.7%
Unknown (1968) ×83 · Archer ×60 · Unknown (2626) ×8 · Unknown (1942) ×6 · Monk ×4 · Fire Galley ×4
Match map
Initial resources + every placement click. Lines = walls · curves = elevation contours. ◆ gold · ⬟ stone · ● berries · ✦ relic · ◌ wall gap
Your base· ✓ Closed at 26:03 · 60t walls · 1 gate(s)
czj135's base· ✓ Closed at 26:33 · 37t walls · no gate
儒门大吊-日食's base· Open — unwalled flank
FUFU's base· Open — 9t gap
自有大儒为我辩经's base· Open — unwalled flank
Eddie29_1314's base· Open — 5t gap
shiho's base· Open — unwalled flank
Kevin10_7414's base· ✓ Closed at 22:10 · 30t walls · 1 gate(s)
Smoothed initial terrain · ◌ = detected wall gap · hover for details
Inputs per minute
— friend00792 - - czj135
Build order — friend00792
First 150 of 591 actions detected
| 0:01 | Create | Villager (Male) |
| 0:01 | Create | Villager (Male) |
| 0:01 | Create | Villager (Male) |
| 0:02 | Build | House |
| 0:03 | Build | House |
| 0:07 | Research | Loom |
| 0:13 | Create | Villager (Male) |
| 0:13 | Create | Villager (Male) |
| 0:27 | Create | Villager (Male) |
| 0:27 | Create | Villager (Male) |
| 1:33 | Create | Villager (Male) |
| 1:33 | Create | Villager (Male) |
| 2:00 | Create | Villager (Male) |
| 2:00 | Create | Villager (Male) |
| 2:23 | Build | Lumber Camp |
| 2:55 | Create | Villager (Male) |
| 2:55 | Create | Villager (Male) |
| 3:35 | Create | Villager (Male) |
| 3:51 | Create | Villager (Male) |
| 4:19 | Create | Villager (Male) |
| 4:20 | Create | Villager (Male) |
| 4:22 | Build | House |
| 4:23 | Build | House |
| 5:20 | Create | Villager (Male) |
| 5:43 | Create | Villager (Male) |
| 5:44 | Create | Villager (Male) |
| 5:44 | Create | Villager (Male) |
| 6:03 | Create | Villager (Male) |
| 6:03 | Create | Villager (Male) |
| 6:08 | Build | Dock |
| 6:45 | Create | Villager (Male) |
| 6:48 | Create | Fishing Ship |
| 6:49 | Build | House |
| 7:28 | Research | Feudal Age |
| 7:28 | Research | Feudal Age |
| 7:37 | Create | Fishing Ship |
| 8:22 | Build | Palisade Wall |
| 8:24 | Build | Palisade Wall |
| 8:35 | Build | Barracks |
| 9:14 | Create | Villager (Male) |
| 9:32 | Build | House |
| 9:38 | Age | Feudal Age |
| 9:39 | Build | Stable |
| 9:48 | Research | Double-Bit Axe |
| 9:56 | Create | Villager (Male) |
| 10:11 | Create | Villager (Male) |
| 10:29 | Create | Scout Cavalry |
| 10:29 | Create | Scout Cavalry |
| 10:33 | Build | House |
| 10:40 | Create | Fishing Ship |
| 10:41 | Create | Fishing Ship |
| 11:04 | Create | Villager (Male) |
| 11:05 | Create | Scout Cavalry |
| 11:06 | Create | Scout Cavalry |
| 11:07 | Build | House |
| 11:08 | Build | Mill |
| 11:22 | Create | Villager (Male) |
| 11:33 | Create | Fishing Ship |
| 11:36 | Create | Scout Cavalry |
| 11:43 | Create | Villager (Male) |
| 11:57 | Create | Villager (Male) |
| 12:04 | Build | Farm |
| 12:05 | Build | Farm |
| 12:17 | Create | Fishing Ship |
| 12:25 | Create | Villager (Male) |
| 12:27 | Build | Farm |
| 12:28 | Create | Villager (Male) |
| 12:30 | Build | Farm |
| 12:36 | Create | Scout Cavalry |
| 12:43 | Build | Farm |
| 12:44 | Create | Villager (Male) |
| 12:49 | Build | House |
| 12:49 | Build | Palisade Wall |
| 13:07 | Create | Scout Cavalry |
| 13:14 | Create | Villager (Male) |
| 13:16 | Build | Farm |
| 13:17 | Build | Farm |
| 13:21 | Create | Scout Cavalry |
| 13:37 | Build | House |
| 13:38 | Build | Palisade Wall |
| 13:49 | Create | Scout Cavalry |
| 13:53 | Create | Villager (Male) |
| 13:55 | Build | Farm |
| 13:56 | Build | Farm |
| 14:03 | Create | Villager (Male) |
| 14:08 | Build | Palisade Wall |
| 14:10 | Build | House |
| 14:12 | Build | Palisade Wall |
| 14:19 | Create | Villager (Male) |
| 14:23 | Create | Villager (Male) |
| 14:35 | Create | Scout Cavalry |
| 14:44 | Create | Villager (Male) |
| 14:47 | Build | Blacksmith |
| 15:09 | Create | Scout Cavalry |
| 15:09 | Create | Scout Cavalry |
| 15:16 | Create | Villager (Male) |
| 15:18 | Build | Farm |
| 15:19 | Build | Farm |
| 15:31 | Create | Villager (Male) |
| 15:36 | Build | House |
| 15:36 | Build | House |
| 15:37 | Create | Fishing Ship |
| 15:37 | Create | Fishing Ship |
| 15:55 | Create | Scout Cavalry |
| 15:56 | Create | Villager (Male) |
| 16:01 | Build | House |
| 16:02 | Build | House |
| 16:09 | Research | Scale Barding Armor |
| 16:13 | Create | Villager (Male) |
| 16:13 | Create | Villager (Male) |
| 16:17 | Build | House |
| 16:18 | Build | Palisade Wall |
| 16:32 | Create | Scout Cavalry |
| 16:32 | Create | Scout Cavalry |
| 16:36 | Create | Villager (Male) |
| 16:36 | Create | Villager (Male) |
| 16:39 | Build | Stable |
| 16:47 | Create | Scout Cavalry |
| 17:02 | Research | Forging |
| 17:03 | Research | Forging |
| 17:08 | Create | Villager (Male) |
| 17:09 | Build | House |
| 17:10 | Build | House |
| 17:27 | Create | Villager (Male) |
| 17:28 | Build | Farm |
| 17:28 | Build | Farm |
| 17:28 | Build | Farm |
| 17:28 | Build | Farm |
| 17:42 | Create | Scout Cavalry |
| 17:47 | Create | Scout Cavalry |
| 17:47 | Create | Scout Cavalry |
| 17:52 | Build | Farm |
| 17:53 | Build | Farm |
| 17:55 | Build | House |
| 18:05 | Create | Scout Cavalry |
| 18:05 | Create | Scout Cavalry |
| 18:12 | Create | Villager (Male) |
| 18:24 | Create | Scout Cavalry |
| 18:28 | Build | Farm |
| 18:28 | Build | Farm |
| 18:40 | Create | Villager (Male) |
| 18:42 | Build | House |
| 18:42 | Build | House |
| 18:48 | Create | Villager (Male) |
| 18:49 | Build | House |
| 18:59 | Create | Scout Cavalry |
| 19:04 | Build | Palisade Wall |
| 19:12 | Create | Villager (Male) |
| 19:13 | Build | House |
| 19:15 | Create | Villager (Male) |
Build order — czj135
First 150 of 279 actions detected
| 0:02 | Create | Villager (Male) |
| 0:02 | Create | Villager (Male) |
| 0:03 | Build | House |
| 0:04 | Build | House |
| 0:06 | Research | Loom |
| 0:07 | Create | Villager (Male) |
| 0:07 | Create | Villager (Male) |
| 0:08 | Create | Villager (Male) |
| 0:08 | Create | Villager (Male) |
| 1:28 | Create | Villager (Male) |
| 1:28 | Create | Villager (Male) |
| 2:17 | Build | Lumber Camp |
| 2:34 | Create | Villager (Male) |
| 2:34 | Create | Villager (Male) |
| 3:12 | Build | House |
| 3:18 | Create | Villager (Male) |
| 3:48 | Create | Villager (Male) |
| 4:09 | Create | Villager (Male) |
| 4:34 | Create | Villager (Male) |
| 5:01 | Build | Mining Camp |
| 5:02 | Create | Villager (Male) |
| 5:29 | Create | Villager (Male) |
| 5:38 | Create | Villager (Male) |
| 6:23 | Create | Villager (Male) |
| 6:29 | Build | House |
| 6:52 | Build | Mill |
| 6:56 | Create | Villager (Male) |
| 7:07 | Build | Palisade Wall |
| 7:34 | Create | Villager (Male) |
| 7:48 | Build | Palisade Wall |
| 7:59 | Create | Villager (Male) |
| 8:25 | Build | Palisade Wall |
| 8:32 | Build | House |
| 8:45 | Research | Feudal Age |
| 8:45 | Research | Feudal Age |
| 9:08 | Build | Mill |
| 9:32 | Build | Barracks |
| 10:17 | Create | Villager (Male) |
| 10:29 | Build | House |
| 10:55 | Age | Feudal Age |
| 11:16 | Create | Villager (Male) |
| 11:20 | Build | Archery Range |
| 11:39 | Create | Villager (Male) |
| 11:57 | Build | Archery Range |
| 12:04 | Create | Archer |
| 12:25 | Build | House |
| 12:30 | Build | House |
| 12:40 | Create | Villager (Male) |
| 12:43 | Create | Archer |
| 12:55 | Create | Archer |
| 13:08 | Build | House |
| 13:13 | Create | Archer |
| 13:13 | Create | Archer |
| 13:17 | Create | Villager (Male) |
| 13:54 | Create | Archer |
| 13:54 | Create | Archer |
| 14:03 | Build | House |
| 14:09 | Build | Palisade Wall |
| 14:18 | Build | Blacksmith |
| 14:24 | Create | Archer |
| 14:52 | Build | House |
| 14:56 | Research | Fletching |
| 14:58 | Create | Archer |
| 14:58 | Create | Archer |
| 15:26 | Build | Watch Tower |
| 15:34 | Create | Archer |
| 15:35 | Create | Villager (Male) |
| 15:35 | Create | Villager (Male) |
| 15:43 | Research | Padded Archer Armor |
| 15:51 | Create | Archer |
| 15:54 | Build | Palisade Wall |
| 16:22 | Create | Archer |
| 16:22 | Create | Archer |
| 16:25 | Create | Villager (Male) |
| 16:45 | Create | Archer |
| 16:45 | Create | Archer |
| 16:57 | Create | Villager (Male) |
| 17:15 | Create | Archer |
| 17:15 | Create | Archer |
| 17:19 | Build | House |
| 17:21 | Build | House |
| 17:23 | Create | Villager (Male) |
| 17:25 | Build | Market |
| 17:29 | Create | Archer |
| 17:29 | Create | Archer |
| 17:29 | Create | Archer |
| 17:42 | Create | Villager (Male) |
| 17:56 | Create | Archer |
| 17:56 | Create | Archer |
| 18:02 | Create | Villager (Male) |
| 18:18 | Create | Archer |
| 18:18 | Create | Archer |
| 18:18 | Create | Archer |
| 18:21 | Create | Villager (Male) |
| 18:42 | Create | Archer |
| 18:46 | Build | Archery Range |
| 18:52 | Build | House |
| 18:54 | Build | House |
| 18:55 | Create | Villager (Male) |
| 19:02 | Create | Archer |
| 19:06 | Build | Farm |
| 19:29 | Create | Villager (Male) |
| 19:30 | Build | Farm |
| 19:34 | Create | Archer |
| 19:34 | Create | Archer |
| 19:57 | Build | House |
| 19:58 | Build | House |
| 20:01 | Build | Farm |
| 20:02 | Create | Villager (Male) |
| 20:08 | Create | Archer |
| 20:08 | Create | Archer |
| 20:08 | Create | Archer |
| 20:31 | Build | Farm |
| 20:39 | Build | Mining Camp |
| 20:46 | Create | Archer |
| 20:46 | Create | Archer |
| 20:46 | Create | Archer |
| 20:48 | Create | Villager (Male) |
| 20:54 | Build | House |
| 20:59 | Build | House |
| 21:37 | Create | Archer |
| 21:37 | Create | Archer |
| 21:38 | Create | Archer |
| 21:40 | Build | Farm |
| 21:43 | Build | Farm |
| 21:47 | Build | Farm |
| 21:52 | Build | Lumber Camp |
| 22:18 | Build | Mining Camp |
| 22:30 | Create | Villager (Male) |
| 22:49 | Create | Villager (Male) |
| 23:02 | Build | Farm |
| 23:27 | Build | Farm |
| 23:53 | Research | Castle Age |
| 23:53 | Research | Castle Age |
| 23:55 | Create | Archer |
| 23:55 | Create | Archer |
| 23:56 | Create | Archer |
| 23:56 | Create | Archer |
| 24:22 | Build | Watch Tower |
| 24:33 | Create | Archer |
| 24:33 | Create | Archer |
| 24:33 | Create | Archer |
| 25:05 | Build | House |
| 25:22 | Research | Gold Mining |
| 25:25 | Create | Archer |
| 25:25 | Create | Archer |
| 25:25 | Create | Archer |
| 25:26 | Create | Archer |
| 26:33 | Age | Castle Age |
| 26:35 | Research | Bodkin Arrow |
Build order — 儒门大吊-日食
First 150 of 410 actions detected
| 0:03 | Create | Villager (Male) ×4 |
| 0:07 | Research | Loom |
| 0:09 | Build | House |
| 0:14 | Create | Villager (Male) ×4 |
| 1:45 | Create | Villager (Male) |
| 2:27 | Create | Villager (Male) |
| 2:39 | Build | House |
| 3:20 | Create | Villager (Male) |
| 3:37 | Create | Villager (Male) |
| 3:38 | Create | Villager (Male) |
| 3:54 | Create | Villager (Male) |
| 4:13 | Create | Villager (Male) |
| 4:19 | Build | House |
| 4:28 | Create | Villager (Male) |
| 4:41 | Build | Lumber Camp |
| 4:58 | Create | Villager (Male) |
| 5:04 | Create | Villager (Male) |
| 5:35 | Create | Villager (Male) |
| 6:00 | Build | House |
| 6:13 | Build | House |
| 6:43 | Create | Villager (Male) |
| 7:02 | Create | Villager (Male) |
| 7:20 | Build | Dock |
| 7:39 | Create | Villager (Male) |
| 8:10 | Build | Mill |
| 8:22 | Create | Villager (Male) |
| 8:29 | Create | Villager (Male) |
| 8:47 | Research | Feudal Age |
| 8:56 | Create | Fishing Ship |
| 9:00 | Build | Palisade Wall |
| 9:02 | Build | Palisade Wall |
| 9:25 | Create | Fishing Ship |
| 9:28 | Build | House |
| 9:56 | Build | Dock |
| 10:57 | Build | House |
| 10:58 | Create | Fishing Ship |
| 11:01 | Create | Villager (Male) |
| 11:04 | Age | Feudal Age |
| 11:17 | Build | Barracks |
| 11:21 | Create | Villager (Male) |
| 11:33 | Create | Villager (Male) |
| 12:04 | Build | Stable |
| 12:11 | Create | Villager (Male) |
| 12:17 | Research | Double-Bit Axe |
| 12:20 | Create | Villager (Male) |
| 12:32 | Create | Spearman |
| 12:34 | Create | Scout Cavalry |
| 12:34 | Create | Scout Cavalry |
| 12:43 | Create | Scout Cavalry |
| 12:43 | Create | Scout Cavalry |
| 12:47 | Build | House |
| 12:54 | Build | House |
| 13:05 | Create | Villager (Male) |
| 13:26 | Create | Fire Galley |
| 13:28 | Create | Villager (Male) |
| 13:36 | Build | House |
| 13:39 | Create | Scout Cavalry |
| 13:52 | Build | Lumber Camp |
| 13:57 | Create | Villager (Male) |
| 14:02 | Create | Fishing Ship |
| 14:03 | Create | Fishing Ship |
| 14:18 | Create | Scout Cavalry |
| 14:29 | Build | House |
| 14:35 | Create | Villager (Male) |
| 14:47 | Create | Villager (Male) |
| 15:04 | Build | Blacksmith |
| 15:09 | Create | Scout Cavalry |
| 15:19 | Create | Villager (Male) |
| 15:22 | Create | Fishing Ship |
| 15:23 | Create | Fishing Ship |
| 15:35 | Research | Horse Collar |
| 15:39 | Create | Scout Cavalry |
| 15:56 | Research | Scale Barding Armor |
| 15:57 | Create | Villager (Male) |
| 16:02 | Build | Farm |
| 16:03 | Build | Farm |
| 16:03 | Build | Farm |
| 16:06 | Build | Farm |
| 16:08 | Build | House |
| 16:09 | Build | House |
| 16:10 | Build | House |
| 16:30 | Create | Villager (Male) |
| 16:38 | Create | Villager (Male) |
| 16:42 | Create | Villager (Male) |
| 16:44 | Build | Farm |
| 16:44 | Build | Farm |
| 16:44 | Build | Farm |
| 16:44 | Build | Farm |
| 16:49 | Create | Scout Cavalry |
| 17:00 | Create | Villager (Male) |
| 17:03 | Build | Mining Camp |
| 17:20 | Create | Villager (Male) |
| 17:20 | Create | Villager (Male) |
| 17:22 | Create | Villager (Male) |
| 17:24 | Build | Farm |
| 17:24 | Build | Farm |
| 17:25 | Build | Farm |
| 17:25 | Build | Farm |
| 17:27 | Build | Farm |
| 17:41 | Create | Scout Cavalry |
| 17:54 | Research | Forging |
| 18:03 | Build | Stable |
| 18:12 | Build | Palisade Wall |
| 18:22 | Research | Tech 906 |
| 18:23 | Create | Fishing Ship |
| 18:26 | Build | House |
| 18:29 | Create | Villager (Male) |
| 18:33 | Build | House |
| 18:34 | Build | House |
| 18:36 | Create | Scout Cavalry |
| 18:51 | Create | Villager (Male) |
| 18:53 | Build | Farm |
| 18:54 | Build | Farm |
| 19:01 | Create | Villager (Male) |
| 19:05 | Create | Unit 2626 |
| 19:07 | Build | House |
| 19:19 | Create | Fishing Ship |
| 19:24 | Build | Fish Trap |
| 19:26 | Build | Fish Trap |
| 19:29 | Create | Villager (Male) |
| 19:38 | Build | House |
| 19:39 | Build | House |
| 19:40 | Build | Palisade Wall |
| 19:43 | Create | Scout Cavalry |
| 19:44 | Create | Scout Cavalry |
| 19:46 | Create | Villager (Male) |
| 20:01 | Build | Farm |
| 20:05 | Research | Bloodlines |
| 20:11 | Build | Fish Trap |
| 20:23 | Build | House |
| 20:31 | Create | Villager (Male) |
| 20:32 | Create | Villager (Male) ×2 |
| 20:43 | Create | Scout Cavalry |
| 20:48 | Create | Villager (Male) |
| 20:59 | Create | Scout Cavalry |
| 21:03 | Create | Villager (Male) |
| 21:09 | Build | Dock |
| 21:12 | Create | Unit 2626 |
| 21:17 | Create | Scout Cavalry |
| 21:17 | Create | Scout Cavalry |
| 21:31 | Create | Scout Cavalry |
| 21:47 | Create | Villager (Male) |
| 21:48 | Build | Farm |
| 21:49 | Build | Farm |
| 21:51 | Build | Farm |
| 21:52 | Build | Farm |
| 21:52 | Build | Farm |
| 21:57 | Research | Wheelbarrow |
| 22:02 | Create | Unit 2626 |
| 22:27 | Build | Farm |
Build order — FUFU
First 150 of 432 actions detected
| 0:00 | Create | Villager (Male) |
| 0:00 | Create | Villager (Male) |
| 0:01 | Create | Villager (Male) |
| 0:01 | Create | Villager (Male) |
| 0:02 | Build | House |
| 0:03 | Build | House |
| 0:06 | Research | Loom |
| 0:08 | Create | Villager (Male) |
| 0:14 | Create | Villager (Male) |
| 0:14 | Create | Villager (Male) |
| 0:18 | Create | Villager (Male) |
| 1:25 | Create | Villager (Male) |
| 1:54 | Create | Villager (Male) |
| 2:32 | Create | Villager (Male) |
| 2:59 | Create | Villager (Male) |
| 3:09 | Build | Mule Cart |
| 3:42 | Create | Villager (Male) |
| 4:01 | Build | House |
| 4:02 | Build | House |
| 4:06 | Build | House |
| 4:08 | Build | Palisade Wall |
| 4:14 | Create | Villager (Male) |
| 4:23 | Create | Villager (Male) |
| 4:30 | Create | Villager (Male) |
| 4:31 | Create | Villager (Male) |
| 4:57 | Create | Villager (Male) |
| 5:19 | Create | Villager (Male) |
| 5:22 | Build | Mill |
| 6:15 | Create | Villager (Male) |
| 6:46 | Create | Villager (Male) |
| 7:11 | Create | Villager (Male) |
| 7:31 | Research | Feudal Age |
| 7:31 | Research | Feudal Age |
| 8:26 | Build | Mule Cart |
| 8:44 | Build | Barracks |
| 9:22 | Create | Villager (Male) |
| 9:46 | Age | Feudal Age |
| 9:50 | Create | Spearman |
| 9:52 | Build | Archery Range |
| 9:57 | Research | Double-Bit Axe |
| 10:07 | Create | Villager (Male) |
| 10:20 | Create | Villager (Male) |
| 10:25 | Build | House |
| 10:37 | Create | Spearman |
| 10:45 | Create | Archer |
| 10:46 | Build | Blacksmith |
| 10:51 | Create | Villager (Male) |
| 10:57 | Create | Archer |
| 11:28 | Create | Spearman |
| 11:46 | Create | Archer |
| 11:47 | Create | Villager (Male) |
| 11:51 | Build | House |
| 11:52 | Build | Archery Range |
| 12:01 | Create | Archer |
| 12:09 | Create | Villager (Male) |
| 12:11 | Research | Fletching |
| 12:18 | Build | Farm |
| 12:18 | Build | Farm |
| 12:18 | Build | Farm |
| 12:37 | Create | Spearman |
| 12:49 | Create | Archer |
| 12:56 | Create | Villager (Male) |
| 12:56 | Create | Villager (Male) |
| 13:04 | Create | Spearman |
| 13:22 | Build | Farm |
| 13:22 | Build | Farm |
| 13:27 | Build | Palisade Wall |
| 13:30 | Create | Spearman |
| 13:46 | Create | Archer |
| 14:01 | Create | Archer |
| 14:35 | Create | Archer |
| 14:35 | Create | Archer |
| 14:39 | Build | House |
| 14:48 | Build | Farm |
| 14:50 | Build | Farm |
| 14:52 | Create | Villager (Male) |
| 14:59 | Create | Villager (Male) |
| 15:12 | Create | Archer |
| 15:12 | Create | Archer |
| 15:45 | Create | Archer |
| 15:45 | Create | Archer |
| 15:55 | Create | Spearman |
| 15:55 | Create | Villager (Male) |
| 16:26 | Create | Archer |
| 16:26 | Create | Archer |
| 16:27 | Create | Villager (Male) |
| 16:36 | Create | Villager (Male) |
| 16:46 | Build | Farm |
| 16:46 | Build | Farm |
| 16:46 | Build | Farm |
| 16:46 | Build | Farm |
| 16:50 | Create | Archer |
| 16:50 | Create | Archer |
| 17:00 | Create | Villager (Male) |
| 17:09 | Create | Archer |
| 17:10 | Create | Villager (Male) |
| 17:22 | Create | Archer |
| 17:32 | Create | Archer |
| 17:47 | Build | House |
| 17:47 | Build | House |
| 18:02 | Create | Archer |
| 18:02 | Create | Archer |
| 18:30 | Create | Archer |
| 18:30 | Create | Archer |
| 18:31 | Create | Villager (Male) |
| 18:40 | Create | Archer |
| 18:44 | Research | Gold Mining |
| 19:05 | Build | House |
| 19:08 | Create | Archer |
| 19:08 | Create | Villager (Male) |
| 19:24 | Build | Market |
| 19:28 | Create | Villager (Male) |
| 19:52 | Create | Archer |
| 19:55 | Create | Villager (Male) |
| 20:08 | Build | Palisade Wall |
| 20:08 | Build | Palisade Wall |
| 20:11 | Build | Palisade Gate |
| 21:11 | Research | Castle Age |
| 21:13 | Create | Archer |
| 21:14 | Create | Villager (Male) |
| 21:43 | Create | Spearman |
| 21:51 | Create | Archer |
| 21:51 | Create | Archer |
| 22:04 | Create | Archer |
| 22:04 | Create | Archer |
| 22:07 | Build | Archery Range |
| 22:17 | Create | Archer |
| 22:26 | Build | Mule Cart |
| 22:30 | Create | Archer |
| 22:37 | Build | House |
| 22:38 | Build | Palisade Wall |
| 22:48 | Create | Archer |
| 22:48 | Create | Archer |
| 22:53 | Build | House |
| 22:58 | Build | Palisade Gate |
| 23:05 | Research | Horse Collar |
| 23:11 | Create | Archer |
| 23:12 | Create | Archer |
| 23:12 | Create | Archer |
| 23:51 | Age | Castle Age |
| 23:52 | Research | Bodkin Arrow |
| 23:52 | Research | Bodkin Arrow |
| 23:55 | Research | Crossbowman (upgrade) |
| 23:59 | Build | Monastery |
| 24:11 | Create | Villager (Male) |
| 24:27 | Build | Mule Cart |
| 24:47 | Create | Archer |
| 24:47 | Create | Archer |
| 24:56 | Create | Archer |
| 25:05 | Create | Warrior Priest |
Build order — 自有大儒为我辩经
First 150 of 471 actions detected
| 0:04 | Build | House |
| 0:05 | Build | House |
| 0:06 | Create | Villager (Male) |
| 0:06 | Create | Villager (Male) |
| 0:06 | Create | Villager (Male) |
| 0:06 | Create | Villager (Male) |
| 0:10 | Research | Loom |
| 0:11 | Research | Loom |
| 0:24 | Create | Villager (Male) |
| 0:24 | Create | Villager (Male) |
| 0:25 | Create | Villager (Male) |
| 0:25 | Create | Villager (Male) |
| 0:25 | Create | Villager (Male) |
| 1:35 | Create | Villager (Male) |
| 1:35 | Create | Villager (Male) |
| 2:32 | Create | Villager (Male) |
| 2:50 | Build | Lumber Camp |
| 3:05 | Create | Villager (Male) |
| 3:05 | Create | Villager (Male) |
| 3:06 | Create | Villager (Male) |
| 3:29 | Create | Villager (Male) |
| 3:29 | Create | Villager (Male) |
| 3:47 | Create | Villager (Male) |
| 4:07 | Build | House |
| 4:51 | Create | Villager (Male) |
| 4:51 | Create | Villager (Male) |
| 5:25 | Create | Villager (Male) |
| 5:29 | Build | Mill |
| 5:41 | Create | Villager (Male) |
| 7:06 | Research | Feudal Age |
| 7:43 | Build | House |
| 7:57 | Build | Barracks |
| 8:03 | Create | Villager (Male) |
| 8:03 | Create | Villager (Male) |
| 8:15 | Build | Palisade Wall |
| 9:16 | Age | Feudal Age |
| 9:18 | Build | Stable |
| 9:19 | Create | Villager (Male) |
| 9:19 | Create | Villager (Male) |
| 9:30 | Build | House |
| 9:34 | Research | Double-Bit Axe |
| 9:44 | Create | Villager (Male) |
| 10:05 | Create | Villager (Male) |
| 10:16 | Create | Scout Cavalry |
| 10:18 | Build | Stable |
| 10:30 | Create | Scout Cavalry |
| 10:48 | Create | Scout Cavalry |
| 10:48 | Create | Scout Cavalry |
| 11:08 | Create | Villager (Male) |
| 11:14 | Create | Scout Cavalry |
| 11:15 | Build | House |
| 11:30 | Create | Villager (Male) |
| 11:36 | Build | Farm |
| 11:42 | Create | Scout Cavalry |
| 11:49 | Build | House |
| 11:52 | Build | House |
| 12:00 | Build | Farm |
| 12:10 | Create | Villager (Male) |
| 12:10 | Create | Villager (Male) |
| 12:35 | Create | Villager (Male) |
| 12:39 | Build | Farm |
| 12:39 | Build | Farm |
| 12:40 | Build | Farm |
| 12:40 | Build | Farm |
| 12:40 | Build | Farm |
| 13:05 | Build | Blacksmith |
| 13:18 | Create | Villager (Male) |
| 13:20 | Create | Scout Cavalry |
| 13:42 | Create | Scout Cavalry |
| 13:43 | Create | Villager (Male) |
| 13:47 | Build | Farm |
| 13:54 | Create | Scout Cavalry |
| 14:05 | Build | Farm |
| 14:16 | Create | Scout Cavalry |
| 14:18 | Create | Villager (Male) |
| 14:41 | Build | Farm |
| 14:42 | Build | Farm |
| 14:42 | Build | Farm |
| 14:43 | Build | Farm |
| 14:43 | Build | Farm |
| 14:52 | Research | Scale Barding Armor |
| 14:52 | Research | Scale Barding Armor |
| 14:53 | Create | Villager (Male) |
| 14:55 | Create | Scout Cavalry |
| 15:20 | Create | Scout Cavalry |
| 15:23 | Build | Farm |
| 15:24 | Build | Farm |
| 15:24 | Build | Farm |
| 15:25 | Build | Farm |
| 15:42 | Create | Scout Cavalry |
| 15:46 | Create | Villager (Male) |
| 16:02 | Create | Villager (Male) |
| 16:15 | Research | Forging |
| 16:18 | Build | Farm |
| 16:19 | Create | Villager (Male) |
| 16:34 | Create | Villager (Male) |
| 16:37 | Build | Farm |
| 16:38 | Build | Farm |
| 16:43 | Build | Mining Camp |
| 16:49 | Create | Scout Cavalry |
| 17:03 | Build | Farm |
| 17:09 | Create | Villager (Male) |
| 17:19 | Build | House |
| 17:20 | Build | House |
| 17:24 | Create | Scout Cavalry |
| 17:25 | Create | Scout Cavalry |
| 17:45 | Create | Villager (Male) |
| 17:56 | Create | Villager (Male) |
| 18:10 | Create | Scout Cavalry |
| 18:10 | Create | Scout Cavalry |
| 18:12 | Create | Villager (Male) |
| 18:14 | Build | Market |
| 18:43 | Research | Bloodlines |
| 18:43 | Research | Bloodlines |
| 18:45 | Create | Scout Cavalry |
| 18:52 | Build | Farm |
| 19:02 | Research | Horse Collar |
| 19:16 | Build | Farm |
| 19:19 | Build | Farm |
| 19:20 | Create | Villager (Male) |
| 19:28 | Create | Scout Cavalry |
| 19:37 | Create | Villager (Male) |
| 19:41 | Build | Lumber Camp |
| 19:53 | Create | Scout Cavalry |
| 19:54 | Create | Villager (Male) |
| 19:54 | Create | Villager (Male) |
| 20:20 | Create | Scout Cavalry |
| 20:21 | Create | Villager (Male) |
| 20:57 | Create | Scout Cavalry |
| 20:57 | Create | Scout Cavalry |
| 20:58 | Create | Villager (Male) |
| 20:59 | Create | Villager (Male) |
| 21:16 | Create | Scout Cavalry |
| 21:17 | Create | Villager (Male) |
| 21:21 | Build | Farm |
| 21:22 | Build | Farm |
| 21:33 | Create | Scout Cavalry |
| 21:37 | Create | Scout Cavalry |
| 21:58 | Build | Farm |
| 21:59 | Build | Farm |
| 22:01 | Build | Farm |
| 22:23 | Create | Scout Cavalry |
| 22:42 | Create | Scout Cavalry |
| 22:43 | Create | Villager (Male) |
| 22:47 | Build | House |
| 22:48 | Build | House |
| 23:09 | Create | Villager (Male) |
| 23:13 | Build | Farm |
| 23:24 | Build | Farm |
| 23:37 | Research | Castle Age |
Build order — Eddie29_1314
First 150 of 518 actions detected
| 0:00 | Create | Villager (Male) |
| 0:00 | Create | Villager (Male) |
| 0:02 | Research | Loom |
| 0:05 | Build | House |
| 0:07 | Build | House |
| 0:15 | Create | Villager (Male) |
| 0:15 | Create | Villager (Male) |
| 0:17 | Research | Loom |
| 0:18 | Create | Villager (Male) |
| 0:18 | Create | Villager (Male) |
| 0:18 | Create | Villager (Male) |
| 0:19 | Create | Villager (Male) |
| 1:35 | Create | Villager (Male) |
| 1:35 | Create | Villager (Male) |
| 1:54 | Build | Lumber Camp |
| 2:38 | Create | Villager (Male) |
| 3:04 | Create | Villager (Male) |
| 3:05 | Create | Villager (Male) |
| 3:18 | Build | House |
| 3:21 | Build | House |
| 3:25 | Build | House |
| 3:26 | Build | House |
| 3:28 | Build | Mill |
| 3:31 | Create | Villager (Male) |
| 3:57 | Create | Villager (Male) |
| 4:20 | Create | Villager (Male) |
| 4:21 | Create | Villager (Male) |
| 4:40 | Create | Villager (Male) |
| 4:40 | Create | Villager (Male) |
| 4:40 | Create | Villager (Male) |
| 5:18 | Build | Dock |
| 5:24 | Create | Villager (Male) |
| 5:24 | Create | Villager (Male) |
| 5:25 | Create | Villager (Male) |
| 5:47 | Build | Dock |
| 5:51 | Create | Villager (Male) |
| 6:41 | Create | Villager (Male) |
| 6:47 | Create | Fishing Ship |
| 7:14 | Build | Palisade Wall |
| 7:20 | Create | Villager (Male) |
| 7:31 | Create | Fishing Ship |
| 7:44 | Build | House |
| 7:50 | Create | Villager (Male) |
| 8:18 | Research | Feudal Age |
| 9:20 | Build | Barracks |
| 9:29 | Create | Villager (Male) |
| 9:29 | Create | Villager (Male) |
| 10:28 | Age | Feudal Age |
| 10:32 | Build | Stable |
| 10:33 | Research | Double-Bit Axe |
| 10:37 | Create | Villager (Male) |
| 10:37 | Create | Villager (Male) |
| 10:45 | Research | Horse Collar |
| 10:57 | Build | House |
| 10:59 | Build | Palisade Wall |
| 11:04 | Build | House |
| 11:09 | Create | Villager (Male) |
| 11:12 | Create | Scout Cavalry |
| 11:15 | Create | Scout Cavalry |
| 11:16 | Create | Scout Cavalry |
| 11:28 | Build | Palisade Wall |
| 11:36 | Build | Farm |
| 11:37 | Create | Scout Cavalry |
| 11:58 | Build | House |
| 12:02 | Create | Spearman |
| 12:16 | Create | Villager (Male) |
| 12:17 | Build | Farm |
| 12:18 | Build | Farm |
| 12:18 | Build | Farm |
| 12:26 | Build | Palisade Wall |
| 12:44 | Create | Scout Cavalry |
| 12:51 | Build | Farm |
| 13:02 | Create | Villager (Male) |
| 13:06 | Create | Villager (Male) |
| 13:19 | Build | House |
| 13:21 | Build | Palisade Wall |
| 13:22 | Build | Palisade Wall |
| 13:30 | Create | Villager (Male) |
| 13:33 | Build | Farm |
| 13:36 | Build | House |
| 13:37 | Build | Palisade Wall |
| 13:45 | Create | Scout Cavalry |
| 13:56 | Build | Farm |
| 14:03 | Build | House |
| 14:05 | Build | Palisade Wall |
| 14:06 | Build | Palisade Wall |
| 14:18 | Create | Villager (Male) |
| 14:25 | Create | Scout Cavalry |
| 14:26 | Create | Villager (Male) |
| 14:28 | Build | Farm |
| 14:29 | Create | Villager (Male) |
| 14:50 | Create | Villager (Male) |
| 14:54 | Build | House |
| 14:56 | Build | Palisade Wall |
| 14:58 | Create | Scout Cavalry |
| 15:03 | Build | Palisade Wall |
| 15:21 | Create | Scout Cavalry |
| 15:24 | Build | Farm |
| 15:50 | Create | Villager (Male) |
| 15:52 | Build | Farm |
| 16:01 | Build | Farm |
| 16:02 | Create | Villager (Male) |
| 16:06 | Create | Scout Cavalry |
| 16:20 | Create | Villager (Male) |
| 16:23 | Build | Lumber Camp |
| 16:34 | Create | Scout Cavalry |
| 16:50 | Create | Villager (Male) |
| 17:06 | Build | Blacksmith |
| 17:15 | Create | Villager (Male) |
| 17:17 | Create | Scout Cavalry |
| 17:27 | Build | Farm |
| 17:28 | Build | Farm |
| 17:33 | Build | Mining Camp |
| 17:35 | Research | Scale Barding Armor |
| 17:41 | Create | Villager (Male) |
| 17:42 | Build | Farm |
| 17:59 | Create | Scout Cavalry |
| 18:00 | Create | Villager (Male) |
| 18:03 | Build | Farm |
| 18:04 | Build | Farm |
| 18:14 | Build | House |
| 18:14 | Build | House |
| 18:18 | Create | Villager (Male) |
| 18:20 | Build | Farm |
| 18:53 | Build | Farm |
| 18:53 | Build | Farm |
| 19:00 | Research | Bloodlines |
| 19:04 | Build | Farm |
| 19:05 | Build | Farm |
| 19:06 | Create | Villager (Male) |
| 19:20 | Build | Farm |
| 19:25 | Create | Scout Cavalry |
| 19:44 | Create | Villager (Male) |
| 19:48 | Build | Farm |
| 19:49 | Build | Farm |
| 19:59 | Create | Villager (Male) |
| 20:28 | Create | Villager (Male) |
| 20:30 | Build | Mill |
| 20:31 | Build | Farm |
| 20:31 | Build | Farm |
| 20:31 | Build | Farm |
| 20:43 | Create | Scout Cavalry |
| 20:45 | Create | Villager (Male) |
| 21:07 | Create | Villager (Male) |
| 21:10 | Build | Farm |
| 21:10 | Build | Farm |
| 21:18 | Create | Scout Cavalry |
| 21:22 | Create | Villager (Male) |
| 21:26 | Create | Villager (Male) |
| 21:38 | Create | Villager (Male) |
Build order — shiho
First 150 of 296 actions detected
| 0:02 | Create | Villager (Male) |
| 0:04 | Research | Loom |
| 0:07 | Build | House |
| 0:08 | Build | House |
| 0:25 | Create | Villager (Male) |
| 0:57 | Create | Villager (Male) |
| 1:07 | Create | Villager (Male) |
| 1:36 | Create | Villager (Male) |
| 1:36 | Create | Villager (Male) |
| 1:49 | Create | Villager (Male) |
| 1:49 | Create | Villager (Male) |
| 2:22 | Build | Lumber Camp |
| 2:41 | Create | Villager (Male) |
| 3:01 | Create | Villager (Male) |
| 3:29 | Build | House |
| 3:44 | Create | Villager (Male) |
| 3:46 | Create | Villager (Male) |
| 4:28 | Create | Villager (Male) |
| 4:50 | Create | Villager (Male) |
| 4:50 | Create | Villager (Male) |
| 5:07 | Create | Villager (Male) |
| 5:20 | Build | Dock |
| 5:22 | Build | House |
| 5:25 | Create | Villager (Male) |
| 5:37 | Create | Villager (Male) |
| 5:37 | Create | Villager (Male) |
| 6:05 | Build | House |
| 6:07 | Build | Palisade Wall |
| 6:30 | Create | Fishing Ship |
| 6:39 | Create | Villager (Male) |
| 6:40 | Create | Villager (Male) |
| 7:00 | Create | Villager (Male) |
| 7:01 | Create | Villager (Male) |
| 7:11 | Build | Mining Camp |
| 7:19 | Create | Fishing Ship |
| 7:19 | Create | Fishing Ship |
| 7:29 | Create | Villager (Male) |
| 7:49 | Create | Villager (Male) |
| 8:36 | Build | Palisade Wall |
| 8:44 | Create | Fishing Ship |
| 8:44 | Create | Fishing Ship |
| 8:45 | Create | Fishing Ship |
| 9:14 | Create | Villager (Male) |
| 9:45 | Research | Feudal Age |
| 9:58 | Build | Palisade Wall |
| 10:42 | Build | House |
| 10:49 | Create | Villager (Male) |
| 11:19 | Create | Villager (Male) |
| 11:29 | Build | Barracks |
| 11:37 | Create | Fishing Ship |
| 11:55 | Age | Feudal Age |
| 12:06 | Build | Archery Range |
| 12:08 | Build | Archery Range |
| 12:15 | Create | Villager (Male) |
| 12:22 | Build | Watch Tower |
| 12:37 | Build | Archery Range |
| 12:46 | Create | Villager (Male) |
| 12:52 | Create | Archer |
| 12:54 | Create | Villager (Male) |
| 13:29 | Create | Archer |
| 13:31 | Create | Villager (Male) |
| 13:36 | Create | Villager (Male) |
| 13:52 | Create | Villager (Male) |
| 14:06 | Create | Archer |
| 14:06 | Create | Archer |
| 14:10 | Build | House |
| 14:11 | Build | House |
| 14:27 | Build | Blacksmith |
| 14:28 | Build | House |
| 14:29 | Build | House |
| 14:30 | Build | House |
| 14:32 | Create | Archer |
| 14:32 | Create | Archer |
| 14:55 | Create | Archer |
| 14:55 | Create | Archer |
| 15:06 | Create | Villager (Male) |
| 15:14 | Create | Villager (Male) |
| 15:30 | Research | Fletching |
| 15:40 | Create | Archer |
| 15:52 | Create | Archer |
| 15:52 | Create | Archer |
| 16:08 | Create | Villager (Male) |
| 16:24 | Create | Archer |
| 16:26 | Create | Villager (Male) |
| 16:34 | Build | House |
| 16:36 | Build | House |
| 16:42 | Create | Archer |
| 16:44 | Create | Villager (Male) |
| 16:59 | Create | Archer |
| 16:59 | Create | Archer |
| 17:09 | Build | Mill |
| 17:20 | Create | Archer |
| 17:21 | Create | Archer |
| 17:22 | Create | Villager (Male) |
| 17:39 | Create | Archer |
| 17:39 | Create | Archer |
| 18:08 | Create | Archer |
| 18:08 | Create | Archer |
| 18:09 | Create | Villager (Male) |
| 18:30 | Create | Archer |
| 18:31 | Create | Archer |
| 18:36 | Build | Archery Range |
| 18:43 | Build | House |
| 18:47 | Create | Villager (Male) |
| 18:54 | Build | Mining Camp |
| 18:57 | Create | Archer |
| 18:57 | Create | Archer |
| 18:59 | Create | Villager (Male) |
| 19:05 | Build | Palisade Wall |
| 19:08 | Build | House |
| 19:14 | Create | Villager (Male) |
| 19:20 | Research | Double-Bit Axe |
| 19:29 | Build | Lumber Camp |
| 19:37 | Create | Archer |
| 19:38 | Create | Archer |
| 19:54 | Research | Padded Archer Armor |
| 19:56 | Create | Archer |
| 19:56 | Create | Archer |
| 20:01 | Create | Archer |
| 20:05 | Create | Villager (Male) |
| 20:07 | Build | Farm |
| 21:15 | Create | Archer ×5 |
| 21:16 | Create | Villager (Male) |
| 21:20 | Build | Market |
| 21:44 | Create | Archer |
| 21:45 | Create | Archer |
| 21:46 | Create | Villager (Male) |
| 21:55 | Build | Dock |
| 22:02 | Create | Archer |
| 22:08 | Create | Villager (Male) |
| 22:11 | Build | Lumber Camp |
| 22:43 | Create | Archer |
| 22:44 | Create | Archer |
| 23:01 | Create | Spearman |
| 23:02 | Create | Villager (Male) |
| 23:37 | Create | Archer |
| 23:44 | Build | Mining Camp |
| 23:49 | Create | Villager (Male) |
| 24:24 | Research | Castle Age |
| 24:46 | Create | Villager (Male) |
| 25:03 | Create | Archer |
| 25:03 | Create | Archer |
| 25:03 | Create | Archer |
| 25:08 | Create | Archer |
| 25:27 | Build | Watch Tower |
| 25:29 | Build | House |
| 25:31 | Build | Palisade Wall |
| 25:40 | Build | Palisade Gate |
| 25:43 | Build | House |
| 26:03 | Build | House |
Build order — Kevin10_7414
First 150 of 567 actions detected
| 0:01 | Create | Villager (Male) |
| 0:01 | Create | Villager (Male) |
| 0:01 | Create | Villager (Male) |
| 0:01 | Create | Villager (Male) |
| 0:02 | Create | Villager (Male) |
| 0:04 | Research | Loom |
| 0:05 | Build | House |
| 0:06 | Build | House |
| 0:07 | Create | Villager (Male) |
| 0:08 | Create | Villager (Male) |
| 0:12 | Create | Villager (Male) |
| 0:12 | Create | Villager (Male) |
| 0:12 | Create | Villager (Male) |
| 1:28 | Create | Villager (Male) |
| 1:28 | Create | Villager (Male) |
| 2:16 | Build | Lumber Camp |
| 2:21 | Create | Villager (Male) |
| 2:21 | Create | Villager (Male) |
| 2:22 | Create | Villager (Male) |
| 2:55 | Create | Villager (Male) |
| 3:11 | Create | Villager (Male) |
| 3:11 | Create | Villager (Male) |
| 3:36 | Create | Villager (Male) |
| 3:36 | Create | Villager (Male) |
| 3:37 | Create | Villager (Male) |
| 3:56 | Build | House |
| 4:33 | Create | Villager (Male) |
| 5:20 | Create | Villager (Male) |
| 5:20 | Create | Villager (Male) |
| 5:21 | Create | Villager (Male) |
| 5:21 | Create | Villager (Male) |
| 5:22 | Create | Villager (Male) |
| 5:22 | Create | Villager (Male) |
| 5:39 | Build | House |
| 5:46 | Build | Dock |
| 5:48 | Build | Dock |
| 5:51 | Build | Dock |
| 5:59 | Create | Villager (Male) |
| 5:59 | Create | Villager (Male) |
| 6:01 | Build | House |
| 7:07 | Create | Villager (Male) |
| 7:13 | Create | Fishing Ship |
| 7:15 | Build | Palisade Wall |
| 7:17 | Build | Palisade Wall |
| 7:22 | Build | Palisade Wall |
| 7:30 | Build | Palisade Wall |
| 7:36 | Create | Fishing Ship |
| 7:58 | Research | Feudal Age |
| 8:00 | Build | Mining Camp |
| 8:52 | Build | Barracks |
| 9:38 | Create | Villager (Male) |
| 9:57 | Create | Villager (Male) |
| 10:07 | Create | Villager (Male) |
| 10:10 | Age | Feudal Age |
| 10:11 | Build | Archery Range |
| 10:17 | Build | Archery Range |
| 10:29 | Create | Villager (Male) |
| 10:35 | Build | House |
| 10:37 | Build | House |
| 10:42 | Build | Palisade Wall |
| 10:46 | Research | Double-Bit Axe |
| 10:54 | Create | Villager (Male) |
| 11:04 | Build | Palisade Wall |
| 11:05 | Build | Palisade Wall |
| 11:08 | Create | Villager (Male) |
| 11:19 | Create | Villager (Male) |
| 11:19 | Create | Villager (Male) |
| 11:27 | Create | Archer |
| 11:29 | Create | Archer |
| 11:29 | Create | Archer |
| 11:31 | Create | Villager (Male) |
| 11:39 | Build | House |
| 11:57 | Create | Villager (Male) |
| 12:11 | Create | Archer |
| 12:11 | Create | Archer |
| 12:23 | Create | Fishing Ship |
| 12:29 | Build | Blacksmith |
| 12:34 | Create | Villager (Male) |
| 12:38 | Build | Mill |
| 12:44 | Create | Archer |
| 12:44 | Create | Archer |
| 13:10 | Create | Fishing Ship |
| 13:12 | Create | Villager (Male) |
| 13:28 | Research | Fletching |
| 13:31 | Create | Archer |
| 13:31 | Create | Archer |
| 13:54 | Create | Villager (Male) |
| 13:54 | Create | Villager (Male) |
| 14:00 | Build | Market |
| 14:03 | Create | Archer |
| 14:07 | Build | House |
| 14:20 | Create | Archer |
| 14:20 | Create | Archer |
| 14:30 | Build | Lumber Camp |
| 14:32 | Create | Villager (Male) |
| 14:32 | Create | Villager (Male) |
| 14:36 | Build | House |
| 14:37 | Build | House |
| 14:37 | Build | House |
| 14:40 | Build | House |
| 14:48 | Create | Archer |
| 14:50 | Create | Villager (Male) |
| 14:52 | Build | House |
| 14:56 | Create | Archer |
| 14:57 | Create | Archer |
| 15:21 | Create | Villager (Male) |
| 15:21 | Create | Villager (Male) |
| 15:28 | Build | House |
| 15:31 | Create | Unit 2626 |
| 15:40 | Create | Archer |
| 15:40 | Create | Archer |
| 15:41 | Create | Villager (Male) |
| 15:51 | Create | Archer |
| 15:51 | Create | Archer |
| 15:58 | Research | Horse Collar |
| 15:59 | Create | Villager (Male) |
| 16:02 | Build | House |
| 16:34 | Create | Archer |
| 16:38 | Create | Villager (Male) |
| 16:41 | Build | Farm |
| 16:41 | Build | Farm |
| 16:42 | Build | Farm |
| 16:43 | Build | Palisade Wall |
| 16:47 | Build | Palisade Gate |
| 16:50 | Build | House |
| 16:51 | Build | Palisade Wall |
| 16:53 | Create | Villager (Male) |
| 16:53 | Create | Villager (Male) |
| 17:00 | Build | Farm |
| 17:01 | Build | Farm |
| 17:11 | Create | Archer |
| 17:11 | Create | Archer |
| 17:18 | Create | Archer |
| 17:19 | Create | Archer |
| 17:26 | Build | Farm |
| 17:27 | Build | Farm |
| 17:28 | Build | Farm |
| 17:30 | Create | Villager (Male) |
| 17:33 | Create | Villager (Male) |
| 17:34 | Create | Villager (Male) |
| 17:48 | Research | Padded Archer Armor |
| 17:50 | Create | Archer |
| 17:57 | Build | Farm |
| 17:57 | Build | Farm |
| 18:01 | Create | Villager (Male) |
| 18:08 | Create | Villager (Male) |
| 18:08 | Create | Villager (Male) |
| 18:12 | Build | Mining Camp |
| 18:29 | Create | Fire Galley |
| 18:29 | Create | Fire Galley |
Match timeline
| 4:08 | FUFU · wall_segment Palisade Wall x4 |
| 5:18 | Eddie29_1314 · first_building Dock |
| 5:20 | shiho · first_building Dock |
| 5:46 | Kevin10_7414 · first_building Dock |
| 6:07 | shiho · wall_segment Palisade Wall x1 |
| 6:08 | friend00792 · first_building Dock |
| 7:07 | czj135 · wall_segment Palisade Wall x7 |
| 7:14 | Eddie29_1314 · wall_segment Palisade Wall x1 |
| 7:15 | Kevin10_7414 · wall_segment Palisade Wall x1 |
| 7:17 | Kevin10_7414 · wall_segment Palisade Wall x1 |
| 7:20 | 儒门大吊-日食 · first_building Dock |
| 7:22 | Kevin10_7414 · wall_segment Palisade Wall x10 |
| 7:30 | Kevin10_7414 · wall_segment Palisade Wall x6 |
| 7:48 | czj135 · wall_segment Palisade Wall x7 |
| 7:57 | 自有大儒为我辩经 · first_building Barracks |
| 8:15 | 自有大儒为我辩经 · wall_segment Palisade Wall x4 |
| 8:22 | friend00792 · wall_segment Palisade Wall x1 |
| 8:24 | friend00792 · wall_segment Palisade Wall x1 |
| 8:25 | czj135 · wall_segment Palisade Wall x7 |
| 8:35 | friend00792 · first_building Barracks |
| 8:36 | shiho · wall_segment Palisade Wall x11 |
| 8:44 | FUFU · first_building Barracks |
| 8:52 | Kevin10_7414 · first_building Barracks |
| 9:00 | 儒门大吊-日食 · wall_segment Palisade Wall x1 |
| 9:02 | 儒门大吊-日食 · wall_segment Palisade Wall x1 |
| 9:16 | 自有大儒为我辩经 · age_up feudal |
| 9:18 | 自有大儒为我辩经 · first_building Stable |
| 9:20 | Eddie29_1314 · first_building Barracks |
| 9:32 | czj135 · first_building Barracks |
| 9:38 | friend00792 · age_up feudal |
| 9:39 | friend00792 · first_building Stable |
| 9:46 | FUFU · age_up feudal |
| 9:52 | FUFU · first_building Archery Range |
| 9:58 | shiho · wall_segment Palisade Wall x5 |
| 10:10 | Kevin10_7414 · age_up feudal |
| 10:11 | Kevin10_7414 · first_building Archery Range |
| 10:28 | Eddie29_1314 · age_up feudal |
| 10:32 | Eddie29_1314 · first_building Stable |
| 10:42 | Kevin10_7414 · wall_segment Palisade Wall x6 |
| 10:55 | czj135 · age_up feudal |
| 10:59 | Eddie29_1314 · wall_segment Palisade Wall x4 |
| 11:04 | 儒门大吊-日食 · age_up feudal |
| 11:04 | Kevin10_7414 · wall_segment Palisade Wall x1 |
| 11:05 | Kevin10_7414 · wall_segment Palisade Wall x1 |
| 11:17 | 儒门大吊-日食 · first_building Barracks |
| 11:20 | czj135 · first_building Archery Range |
| 11:28 | Eddie29_1314 · wall_segment Palisade Wall x4 |
| 11:29 | shiho · first_building Barracks |
| 11:55 | shiho · age_up feudal |
| 12:04 | 儒门大吊-日食 · first_building Stable |
| 12:06 | shiho · first_building Archery Range |
| 12:26 | Eddie29_1314 · wall_segment Palisade Wall x8 |
| 12:49 | friend00792 · wall_segment Palisade Wall x9 |
| 13:21 | Eddie29_1314 · wall_segment Palisade Wall x9 |
| 13:22 | Eddie29_1314 · wall_segment Palisade Wall x1 |
| 13:27 | FUFU · wall_segment Palisade Wall x1 |
| 13:37 | Eddie29_1314 · wall_segment Palisade Wall x5 |
| 13:38 | friend00792 · wall_segment Palisade Wall x10 |
| 14:05 | Eddie29_1314 · wall_segment Palisade Wall x5 |
| 14:06 | Eddie29_1314 · wall_segment Palisade Wall x2 |
| 14:08 | friend00792 · wall_segment Palisade Wall x1 |
| 14:09 | czj135 · wall_segment Palisade Wall x8 |
| 14:12 | friend00792 · wall_segment Palisade Wall x13 |
| 14:56 | Eddie29_1314 · wall_segment Palisade Wall x16 |
| 15:03 | Eddie29_1314 · wall_segment Palisade Wall x15 |
| 15:54 | czj135 · wall_segment Palisade Wall x8 |
| 16:18 | friend00792 · wall_segment Palisade Wall x23 |
| 16:43 | Kevin10_7414 · wall_segment Palisade Wall x3 |
| 16:51 | Kevin10_7414 · wall_segment Palisade Wall x1 |
| 18:12 | 儒门大吊-日食 · wall_segment Palisade Wall x1 |
| 18:16 | czj135 · first_market_sell 100 wood |
| 19:04 | friend00792 · wall_segment Palisade Wall x1 |
| 19:04 | Kevin10_7414 · first_market_sell 100 stone |
| 19:05 | shiho · wall_segment Palisade Wall x1 |
| 19:40 | 儒门大吊-日食 · wall_segment Palisade Wall x1 |
| 20:08 | FUFU · wall_segment Palisade Wall x1 |
| 20:08 | FUFU · wall_segment Palisade Wall x1 |
| 21:42 | Eddie29_1314 · wall_segment Palisade Wall x10 |
| 21:50 | FUFU · first_market_sell 100 stone |
| 22:10 | Kevin10_7414 · age_up castle |
| 22:15 | 自有大儒为我辩经 · first_market_buy 100 food |
| 22:38 | FUFU · wall_segment Palisade Wall x8 |
| 23:21 | shiho · first_market_sell 500 wood |
| 23:22 | czj135 · first_market_buy 100 food |
| 23:24 | shiho · first_market_buy 100 food |
| 23:51 | FUFU · age_up castle |
| 23:59 | FUFU · first_building Monastery |
| 24:01 | Eddie29_1314 · wall_segment Palisade Wall x1 |
| 24:06 | Kevin10_7414 · first_market_buy 100 wood |
| 24:28 | friend00792 · wall_segment Palisade Wall x1 |
| 24:46 | Eddie29_1314 · wall_segment Stone Wall x1 |
| 24:59 | Eddie29_1314 · wall_segment Palisade Wall x5 |
| 25:11 | Eddie29_1314 · wall_segment Palisade Wall x1 |
| 25:31 | shiho · wall_segment Palisade Wall x1 |
| 25:59 | FUFU · wall_segment Palisade Wall x1 |
| 26:03 | friend00792 · age_up castle |
| 26:07 | Eddie29_1314 · wall_segment Palisade Wall x1 |
| 26:09 | Eddie29_1314 · age_up castle |
| 26:11 | Eddie29_1314 · wall_segment Palisade Wall x1 |
| 26:17 | 自有大儒为我辩经 · age_up castle |
| 26:33 | czj135 · age_up castle |
| 26:35 | shiho · wall_segment Palisade Wall x1 |
| 26:49 | Eddie29_1314 · wall_segment Palisade Wall x6 |
| 27:04 | shiho · age_up castle |
| 27:14 | 儒门大吊-日食 · age_up castle |
| 27:38 | Kevin10_7414 · first_building Monastery |
| 27:44 | 儒门大吊-日食 · first_building Monastery |
| 27:51 | 自有大儒为我辩经 · first_building Monastery |
| 28:08 | shiho · first_building Monastery |
| 28:27 | shiho · wall_segment Palisade Wall x1 |
| 28:34 | Kevin10_7414 · wall_segment Palisade Wall x6 |
| 28:56 | Kevin10_7414 · first_building Siege Workshop |
| 29:57 | FUFU · first_market_buy 100 wood |
| 30:44 | Kevin10_7414 · first_building Castle |
| 32:24 | czj135 · first_building Castle |
| 32:46 | 自有大儒为我辩经 · first_building Krepost |
| 33:47 | Kevin10_7414 · wall_segment Stone Wall x5 |
| 33:49 | Kevin10_7414 · wall_segment Stone Wall x9 |
| 34:26 | 儒门大吊-日食 · first_building Castle |
| 35:23 | FUFU · tribute_sent a jugador 1 |
| 35:23 | FUFU · tribute_sent a jugador 2 |
| 35:23 | FUFU · tribute_sent a jugador 3 |
| 35:23 | FUFU · tribute_sent a jugador 5 |
| 35:23 | FUFU · tribute_sent a jugador 6 |
| 35:23 | FUFU · tribute_sent a jugador 7 |
| 35:23 | FUFU · tribute_sent a jugador 8 |
| 35:56 | friend00792 · first_building Monastery |
| 36:13 | Kevin10_7414 · wall_segment Stone Wall x4 |
| 36:14 | Kevin10_7414 · wall_segment Stone Wall x2 |
| 36:45 | FUFU · first_building Castle |
| 36:56 | 自有大儒为我辩经 · wall_segment Stone Wall x7 |
| 37:18 | Eddie29_1314 · first_building Monastery |
| 37:20 | friend00792 · first_building Castle |
| 37:41 | Kevin10_7414 · age_up imperial |
| 37:43 | 自有大儒为我辩经 · first_building Siege Workshop |
| 38:23 | shiho · wall_segment Palisade Wall x1 |
| 38:36 | 自有大儒为我辩经 · first_market_sell 100 wood |
| 39:12 | czj135 · age_up imperial |
| 39:38 | friend00792 · age_up imperial |
| 39:56 | 自有大儒为我辩经 · first_building Castle |
| 40:15 | Eddie29_1314 · first_building Castle |
| 40:20 | 儒门大吊-日食 · age_up imperial |
| 40:27 | Eddie29_1314 · wall_segment Palisade Wall x1 |
| 40:29 | Eddie29_1314 · wall_segment Palisade Wall x1 |
| 40:34 | Eddie29_1314 · wall_segment Stone Wall x1 |
| 40:36 | Eddie29_1314 · wall_segment Stone Wall x1 |
| 41:05 | Eddie29_1314 · wall_segment Palisade Wall x1 |
| 41:07 | Eddie29_1314 · wall_segment Palisade Wall x1 |
| 41:08 | Eddie29_1314 · wall_segment Palisade Wall x1 |
| 41:12 | shiho · first_building Castle |
| 42:08 | friend00792 · first_market_buy 100 wood |
| 42:31 | Eddie29_1314 · age_up imperial |
| 42:40 | 自有大儒为我辩经 · age_up imperial |
| 42:48 | friend00792 · first_market_sell 100 stone |
| 43:05 | FUFU · first_building Dock |
| 43:44 | FUFU · age_up imperial |
| 43:56 | Eddie29_1314 · wall_segment Stone Wall x8 |
| 45:32 | Eddie29_1314 · wall_segment Stone Wall x3 |
| 45:34 | Eddie29_1314 · wall_segment Stone Wall x6 |
| 45:36 | Eddie29_1314 · wall_segment Stone Wall x8 |
| 46:18 | Eddie29_1314 · tribute_sent a jugador 1 |
| 46:18 | Eddie29_1314 · tribute_sent a jugador 2 |
| 46:18 | Eddie29_1314 · tribute_sent a jugador 3 |
| 46:18 | Eddie29_1314 · tribute_sent a jugador 4 |
| 46:18 | Eddie29_1314 · tribute_sent a jugador 5 |
| 46:18 | Eddie29_1314 · tribute_sent a jugador 7 |
| 46:18 | Eddie29_1314 · tribute_sent a jugador 8 |
| 47:33 | FUFU · tribute_sent a jugador 1 |
| 47:33 | FUFU · tribute_sent a jugador 2 |
| 47:33 | FUFU · tribute_sent a jugador 3 |
| 47:33 | FUFU · tribute_sent a jugador 5 |
| 47:33 | FUFU · tribute_sent a jugador 6 |
| 47:33 | FUFU · tribute_sent a jugador 7 |
| 47:33 | FUFU · tribute_sent a jugador 8 |
| 47:35 | Eddie29_1314 · wall_segment Stone Wall x4 |
| 48:54 | Eddie29_1314 · wall_segment Stone Wall x11 |
| 49:00 | FUFU · tribute_sent a jugador 1 |
| 49:00 | FUFU · tribute_sent a jugador 2 |
| 49:00 | FUFU · tribute_sent a jugador 3 |
| 49:00 | FUFU · tribute_sent a jugador 5 |
| 49:00 | FUFU · tribute_sent a jugador 6 |
| 49:00 | FUFU · tribute_sent a jugador 7 |
| 49:00 | FUFU · tribute_sent a jugador 8 |
| 49:09 | 自有大儒为我辩经 · resign |
[ AI ANALYSIS · 1 CREDIT ]
What really happened in this match?
Wolo.gg analyzes every decision: build order, eco, micro, common mistakes by bracket. Personalized analysis on WhatsApp or Discord in 30 seconds.
Civ guide
Turks
Perfil
Jugador #2999254